 Dungeon Crawl Stone Soup version 0.29.1-15-g9cfb28693d (webtiles) character file.

Game seed: 3058528555919258723

107 javelincjr the Magician (level 5, 0/36 HPs)
             Began as a Djinni Conjurer on Mar 10, 2023.
             Was an Initiate of Hepliaklqana.
             Slain by a gnoll
             ... wielding a +0 flail
             ... led by a gnoll bouda
              (13 damage)
             ... on level 4 of the Dungeon.
             The game lasted 00:04:51 (3681 turns).

javelincjr the Magician (Djinni Conjurer)           Turns: 3681, Time: 00:04:51

Health: 0/36       AC:  2    Str:  8    XL:     5   Next: 10%
Gold:   134        EV: 12    Int: 19    God:    Hepliaklqana [......] SH:  0 Dex: 12

rFire   + + .      SeeInvis +   u - +5 quarterstaff (spect)
rCold   x . .      Faith    .   (shield currently unavailable)
rNeg    . . .      Spirit   .   a - +0 robe
rPois   ∞          Reflect  .   (no helmet)
rElec   .          Harm     .   (no cloak)
rCorr   .          Rampage  .   (no gloves)
Will    .....                   (boots unavailable)
Stlth   ++........              (no amulet)
HPRegen 0.12/turn               d - ring of see invisible
MPRegen 0.00/turn               (no ring)

@: weakened, flying, very slightly contaminated
A: sickness immunity, fire resistance 2, cold vulnerability 1, float, innate
caster, HP casting, extra vitality 1
a: Renounce Religion


You were on level 4 of the Dungeon.
You worshipped Hepliaklqana.
Hepliaklqana was noncommittal.
You visited 1 branch of the dungeon, and saw 4 of its levels.

You collected 134 gold pieces.

Inventory:

Hand Weapons
 j - a +0 dagger of pain
 u - a +5 spectral quarterstaff (weapon)
Armour
 a - a +0 robe (worn)
Magical Staves
 q - a staff of cold
Jewellery
 d - a ring of see invisible (left hand)
 r - a +6 ring of strength
 s - a +4 ring of protection
Wands
 w - a wand of mindburst (3)
Scrolls
 e - a scroll of vulnerability {unknown}
 g - 2 scrolls of enchant weapon {unknown}
 h - a scroll of poison {unknown}
 k - a scroll of teleportation {unknown}
 l - a scroll of fear {unknown}
 m - a scroll of blinking {unknown}
 n - a scroll of identify {unknown}
 v - a scroll of noise {unknown}
 x - a scroll of butterflies {unknown}
 y - a scroll of amnesia {unknown}
Potions
 b - a potion of lignification {unknown}
 c - 2 potions of flight {unknown}
 f - 2 potions of attraction {unknown}
 i - a potion of heal wounds {unknown}
 o - a potion of haste {unknown}
 p - a potion of curing {unknown}
 t - a potion of mutation {unknown}


   Skills:
 * Level 0.7 Fighting
 + Level 0.1 Staves
 + Level 0.2 Armour
 + Level 3.3 Dodging
 + Level 2.6 Stealth
 * Level 3.7 Spellcasting
 + Level 0.2 Evocations


You couldn't memorise any spells.
You knew the following spells:

 Your Spells              Type           Power      Damage    Failure   Level
a - Magic Dart            Conj           72%        1d6       3%          1
b - Searing Ray           Conj           36%        2d5       4%          2
c - Dazzling Flash        Conj/Hex       36%        N/A       9%          3
d - Fulminant Prism       Conj/Hex       9%         3d7       30%         4
e - Iskenderun's Mystic   Conj/Tloc      18%        2d6       30%         4
f - Shock                 Conj/Air       72%        1d7       3%          1
g - Wereblood             Tmut           18%        N/A       4%          2
Your spell library was empty.

Dungeon Overview and Level Annotations

Branches:
Dungeon (4/15)
 Temple: D:4-7

Altars:
Hepliaklqana


Innate Abilities, Weirdness & Mutations

You are immune to sickness and miasma.
You are immune to poison.
Your flesh is very heat resistant. (rF++)
You are vulnerable to cold. (rC-)
You float through the air rather than walking.
You learn spells naturally, not from books.
Your magical power is your life essence.
You have superior vitality. (+4 MHP)


Message History

You see here a +0 leather armour.
A gnoll comes into view.
It is wielding a +0 flail. 3 gnolls come into view.
The gnoll shouts!
Casting: Magic Dart (safe; 3% risk of failure)
Confirm with . or Enter, or press ? or * to list all spells.
The spell is extremely dangerous to miscast (30% risk of failure)!
Continue anyway?
Aiming: Fulminant Prism (extremely dangerous; 30% risk of failure)
Press: ? - help, Dir - move target You conjure a prism of explosive energy!
The gnoll shouts! x3
A fulminant prism comes into view.
The gnoll hits your fulminant prism with a +0 flail!
Your fulminant prism detonates feebly.
Casting: Fulminant Prism (extremely dangerous; 30% risk of failure)
Confirm with . or Enter, or press ? or * to list all spells.
The spell is extremely dangerous to miscast (30% risk of failure)!
Continue anyway?
Aiming: Fulminant Prism (extremely dangerous; 30% risk of failure)
Press: ? - help, Dir - move target You miscast Fulminant Prism.
You are very lightly contaminated with residual magic.
Nothing appears to happen.
A gnoll bouda comes into view. It is wielding a +0 whip.
The gnoll throws a throwing net.
The throwing net hits you.
You become entangled in the net!
You struggle against the net.
You tear a large gash into the net.
The gnoll barely misses you.
The gnoll bouda barks out a call to the hunt!
The gnolls pick up the pace!
You struggle against the net.
The gnoll hits you from afar with a +0 spear!
The gnoll bouda gazes fiercely through you!
You feel your attacks grow feeble. The gnoll barely misses you.
You shred the net and break free! The gnoll hits you with a +0 flail!
The gnoll misses you. The gnoll hits you but does no damage.
The gnoll barely misses you. The gnoll attacks as you move away!
The gnoll completely misses you. The gnoll closely misses you.
The gnoll hits you with a +0 flail!
You die...

#.######.#......##....[
......#.###†##.##.....
#.........#.##.#......
#...........####.##.##
#...g...#...# #.##.#
#.......#...####.##.##
#..g.g..#...<.........
#...gg.........>###.##
#....@.###.####.# #.#
#......###.# #.# #..
#####......# #.#
######## #.# #.# #+#


You could see a gnoll bouda and 4 gnolls.

Vanquished Creatures
  3 adders
  An ufetubus (D:3)
  A worm (D:2)
  An orc (D:3)
  6 bats
  6 endoplasms
  6 giant cockroaches
  4 goblins
  6 hobgoblins
  2 jackals (D:3)
  4 kobolds
  4 quokkas
  8 ball pythons
  8 frilled lizards
  6 rats
66 creatures vanquished.

Vanquished Creatures (others)
  A fulminant prism (D:4)
1 creature vanquished.

Grand Total: 67 creatures vanquished

Notes
Turn   | Place    | Note
-------+----------+-------------------------------------------
     0 | D:1      | javelincjr the Djinni Conjurer began the quest for the Orb.
     0 | D:1      | javelincjr set off with the following spells memorised:
                  | Magic Dart, Searing Ray, Dazzling Flash, Fulminant Prism,
                  | Iskenderun's Mystic Blast.
     0 | D:1      | Reached XP level 1. HP: 15/15 MP: 0/0
   496 | D:1      | Reached XP level 2. HP: 19/21 MP: 0/0
  1281 | D:2      | Reached XP level 3. HP: 24/25 MP: 0/0
  1281 | D:2      | Learned a level 1 spell: Shock
  2303 | D:2      | Reached XP level 4. HP: 28/31 MP: 0/0
  2579 | D:3      | Found a faded altar of an unknown god.
  2897 | D:3      | Found a hazy altar of Hepliaklqana.
  2903 | D:3      | Became a worshipper of Hepliaklqana the Forgotten
  3402 | D:3      | Reached XP level 5. HP: 34/36 MP: 0/0
  3402 | D:3      | Learned a level 2 spell: Wereblood
  3681 | D:4      | Slain by a gnoll

Illustrated notes

Levels and vault maps discovered:
D:1:      nzn_arrival_settlement, layout_basic
D:2:      layout_basic, grunt_decor_clamped, hangedman_decor_clover_reticule
D:3:      layout_basic, nicolae_hepliaklqana_hippocampus,
          hellmonk_ecumenical_altar_crossroads, minmay_checkerbox
D:4:      layout_basic, demons_altar, chequers_temple_overflow_minitemple,
          uniq_edmund, uniq_crazy_yiuf_cottage

Skill      XL: |  1  2  3 |
---------------+----------+-----
Stealth        | 2 |  2.6
Dodging        | 3 |  3.3
Fighting       | |  0.7
Staves         | |  0.1
Armour         | |  0.2
Spellcasting   | |  3.7
Evocations     | |  0.2

Action                   |  1- 3 |  4- 6 || total
-------------------------+-------+-------++-------
Melee: Quarterstaff      |       |    17 ||    17
 Cast: Magic Dart        |    78 |    41 ||   119
       Fulminant Prism   |       |     1 ||     1
 Stab: Sleeping          |       |     3 ||     3
Armor: Robe              |     1 |     1 ||     2
Dodge: Dodged            |     5 |    23 ||    28
